 Dungeon Crawl Stone Soup version 0.30.1-4-g462c640d31 (webtiles) character file.

Game seed: 579443320148529775

37 lonewolfV2 the Trooper (level 3, 0/24 HPs)
             Began as a Gargoyle Fighter on Aug 24, 2023.
             Slain by a gnoll
             ... wielding a +0 halberd
              (12 damage)
             ... on level 2 of the Dungeon.
             The game lasted 00:01:13 (896 turns).

lonewolfV2 the Trooper (Gargoyle Fighter)            Turns: 896, Time: 00:01:14

Health: 0/24       AC: 11    Str: 21    XL:     3   Next: 39%
Magic:  3/3        EV:  9    Int:  8    God:
Gold:   21         SH:  4    Dex:  9    Spells: 2/2 levels left

rFire   . . .        a - +0 war axe
rCold   . . .        c - +0 buckler
rNeg    + . .        b - +1 scale mail
rPois   ∞            (no helmet)
rElec   +            (no cloak)
rCorr   .            (no gloves)
SInv    .            (no boots)
Will    .....        (no amulet) Stlth
                     (no ring)
HPRegen 0.24/turn    (no ring)
MPRegen 0.08/turn

%: no passive effects
@: no status effects
A: sickness immunity, AC +3, negative energy resistance 1, electricity
resistance, torment resistance 1, petrification resistance
a: no special abilities


You were on level 2 of the Dungeon.
You visited 1 branch of the dungeon, and saw 2 of its levels.

You collected 21 gold pieces.

Inventory:

Hand Weapons
 a - a +0 war axe (weapon)
Armour
 b - a +1 scale mail (worn)
 c - a +0 buckler (worn)
Potions
 d - a potion of might
 e - a potion of resistance {unknown}
 f - 2 potions of curing {unknown}


   Skills:
 + Level 3.7 Fighting
 + Level 2.2 Axes
 + Level 3.7 Armour
 + Level 3.7 Shields


You had 2 spell levels left.
You didn't know any spells.
Your spell library was empty.

Dungeon Overview and Level Annotations

Branches:
Dungeon (2/15)

Altars:


Innate Abilities, Weirdness & Mutations

You are immune to sickness and miasma.
Your stone body is resilient. (AC +3)
You are immune to poison.
You resist negative energy. (rN+)
You are resistant to electric shocks. (rElec)
You are resistant to unholy torment.
You are immune to petrification.


Message History

You feel your willpower return.
Found an escape hatch in the ceiling.
A kobold comes into view. It is wielding a +0 dagger.
The kobold shouts!
A kobold is nearby!
A kobold is nearby!
A kobold is nearby!
You barely miss the kobold. The kobold hits you but does no damage.
You miss the kobold. You block the kobold's attack.
You miss the kobold. The kobold hits you with a +0 dagger.
The kobold hits you but does no damage.
You slash the kobold!
You kill the kobold!
HP restored.
Found a ring mail.
Found a stone staircase leading down.
You open the door.
A giant cockroach and a gnoll come into view.
The gnoll shouts!
You block the gnoll's attack.
Found a ring mail.
There are monsters nearby!
There are monsters nearby!
Found 2 bubbling blue potions.
The gnoll hits you from afar with a +0 halberd.
The gnoll hits you with a +0 halberd. The giant cockroach barely misses you.
There is an open door here.
You slash the giant cockroach!
You kill the giant cockroach!
You hit the gnoll but do no damage. The gnoll hits you with a +0 halberd.
The gnoll barely misses you. The gnoll barely misses you.
Things that are here:
a +0 ring mail; a +0 ring mail You closely miss the gnoll.
The gnoll barely misses you.
You hit the gnoll.
The gnoll is moderately wounded.
The gnoll hits you with a +0 halberd!
Ouch! That really hurt!
You die...

#.....†..# #......###
#########..#######
###................#
#..>..####.........#
#.##...............#
#.#..####....#######.
#...##!.##...........
#...#...@'..######....
#...#...g#......##....
##..##..#####.........
#...##+ ##.####+##
##.### #.# ..# #.##
### ##.##...## #.#
#.###)........ #.#
#........####. #.#
#.##.....#


You could see a gnoll.

Vanquished Creatures
  2 dart slugs (D:1)
  3 ball pythons
  2 bats (D:1)
  4 endoplasms (D:1)
  A giant cockroach (D:2)
  3 goblins (D:1)
  5 hobgoblins
  A kobold (D:2)
  A quokka (D:1)
  A frilled lizard (D:1)
  5 rats (D:1)
28 creatures vanquished.

Notes
Turn   | Place    | Note
-------+----------+-------------------------------------------
     0 | D:1      | lonewolfV2 the Gargoyle Fighter began the quest for the
                  | Orb.
     0 | D:1      | Reached XP level 1. HP: 14/14 MP: 1/1
    77 | D:1      | Reached XP level 2. HP: 19/19 MP: 2/2
    77 | D:1      | Found a faded altar of an unknown god.
   288 | D:1      | Reached XP level 3. HP: 16/24 MP: 3/3
   896 | D:2      | Slain by a gnoll

Illustrated notes

Levels and vault maps discovered:
D:1:      dpeg_arrival_simpleton_a, layout_basic,
          chequers_ecumenical_altar_island, minmay_misc_feat_enclosed
D:2:      layout_basic, minmay_joined_circles

Skill      XL: |  1  2 |
---------------+-------+-----
Axes           | 2 |  2.2
Fighting       | |  3.7
Armour         | |  3.7
Shields        | |  3.7

Action                     || total
---------------------------++-------
  Melee: War axe           ||    67
    Use: Scroll            ||     5
 Armour: Scale mail        ||    41
  Dodge: Dodged            ||    40
  Block: Buckler           ||    18
